 Dungeon Crawl Stone Soup version 0.31-a0-232-gb1c03b2570 (webtiles) character file.

Game seed: 16262602153209931332

320 qw the Shooter (level 6, -2/52 HPs)
             Began as a Minotaur Hexslinger on July 7, 2023.
             Slain by a worm (8 damage)
             ... on level 3 of the Dungeon.
             The game lasted 00:00:44 (2206 turns).

qw the Shooter (Minotaur Hexslinger)                Turns: 2206, Time: 00:00:45

Health: -2/52      AC:  3    Str: 12    XL:     6   Next: 22%
Magic:  6/6        EV: 12    Int: 10    God:
Gold:   121        SH:  0    Dex: 15    Spells: 6/7 levels left

rFire   + . .        Y - +1 sling
rCold   . . .        (no shield)
rNeg    . . .        c - +0 robe
rPois   .            (helmet restricted)
rElec   .            (no cloak)
rCorr   .            a - +0 pair of gloves
SInv    +            (no boots)
Will    .....        (no amulet)
Stlth   +            i - ring of see invisible
HPRegen 0.28/turn    g - ring of protection from fire
MPRegen 0.10/turn

%: no passive effects
@: no status effects
A: horns 2, retaliatory headbutt
a: no special abilities


You were on level 3 of the Dungeon.
You visited 1 branch of the dungeon, and saw 3 of its levels.

You collected 121 gold pieces.


Innate Abilities, Weirdness & Mutations

You have a pair of horns on your head.
You reflexively headbutt those who attack you in melee.


   Skills:
 + Level 3.7 Fighting
 - Level 6.4 Ranged Weapons
 - Level 2.1 Dodging
 - Level 1.0 Spellcasting
 - Level 2.0 Hexes


You had 6 spell levels left.
You knew the following spells:

 Your Spells              Type           Power      Damage    Failure   Level
a - Slow                  Hex            16%        N/A       16%         1

Your spell library contained the following spells:

 Spells                   Type           Power      Damage    Failure   Level
 Inner Flame              Hex/Fire       2%         N/A       56%         3
 Portal Projectile        Hex/Tloc       4%         N/A       56%         3
 Cause Fear               Hex            2%         N/A       83%         4

Inventory:

Hand Weapons
 Y - a +1 sling (weapon)
Armour
 a - a +0 pair of gloves (worn)
 c - a +0 robe (worn)
Jewellery
 f - a ring of willpower
 g - a ring of protection from fire (right hand)
 i - a ring of see invisible (left hand)
Scrolls
 l - a scroll of identify
Potions
 e - a potion of curing {unknown}
 h - a potion of cancellation {unknown}
 j - a potion of resistance {unknown}
 k - a potion of heal wounds {unknown}

Dungeon Overview and Level Annotations

Branches:
Dungeon (3/15)

Altars:


Message History

You shoot a sling bullet. The sling bullet hits Ijyb!
Ijyb is heavily wounded.
Ijyb closely misses you.
You shoot a sling bullet. The sling bullet closely misses Ijyb.
The sling bullet barely misses the worm.
Ijyb barely misses you. You furiously retaliate!
You headbutt Ijyb. You shoot a sling bullet. The sling bullet misses Ijyb.
Ijyb hits you with a +0 club.
You shoot a sling bullet.
The sling bullet hits Ijyb but does no damage.
Ijyb is severely wounded.
Ijyb closely misses you.
Ijyb zaps a wand.
The puff of flame hits you. You resist.
You shoot a sling bullet. The sling bullet hits Ijyb.
Ijyb is severely wounded.
The worm misses you. Ijyb hits you with a +0 club.
You shoot a sling bullet. The sling bullet hits Ijyb.
Ijyb is severely wounded.
Ijyb barely misses you.
You shoot a sling bullet. The sling bullet hits Ijyb!
You kill Ijyb!
The worm bites you. x2
You shoot a sling bullet. The sling bullet hits the worm.
The worm is moderately wounded.
The worm bites you. The worm closely misses you.
You shoot a sling bullet.
The sling bullet barely misses the worm.
You shoot a sling bullet. The sling bullet hits the worm.
The worm is moderately wounded.
The worm bites you. x2
You shoot a sling bullet. The sling bullet hits the worm.
The worm is heavily wounded.
The worm bites you!
You shoot a sling bullet. The sling bullet hits the worm.
The worm is heavily wounded.
The worm bites you but does no damage.
You shoot a sling bullet. The sling bullet hits the worm.
The worm is almost dead.
The worm barely misses you. The worm bites you!
You die...

### #.. ######.# #
..>.#.####.# #..#.#....#
#### ##
###.)#.#.#..###.. .#
#...w@......).#.# .#
......w##.##.##.#.####.#
....... #.##.........#.#
......# #.#####.#.##.#.#
#....# #.#####.#.##.#.#
#.##. #.......#......# #
# #.....######.###
#.....# #.# #.....# #.#


You could see 2 worms.

Vanquished Creatures
  Sigmund (D:2)
  A scorpion (D:2)
  Ijyb (D:3)
  4 gnolls (D:2)
  A worm (D:3)
  2 ball pythons
  7 bats
  3 endoplasms (D:1)
  A giant cockroach (D:3)
  5 goblins
  2 hobgoblins
  3 jackals (D:2)
  2 quokkas (D:1)
  2 frilled lizards
  7 kobolds
  3 rats
45 creatures vanquished.

Notes
Turn   | Place    | Note
-------+----------+-------------------------------------------
     0 | D:1      | qw the Minotaur Hexslinger began the quest for the Orb.
     0 | D:1      | Reached XP level 1. HP: 16/16 MP: 1/1
     0 | D:1      | 0 ||| qw: Version: 0.3-a-46-gb1f654a
     0 | D:1      | 0 ||| qw: Game counter: 2699
     0 | D:1      | 0 ||| qw: Melee chars always use a shield: true
     0 | D:1      | 0 ||| qw: God list: Okawaru
     0 | D:1      | 0 ||| qw: Allow faded altars: false
     0 | D:1      | 0 ||| qw: Do Orc after clearing Dungeon:15 true
     0 | D:1      | 0 ||| qw: Do second Lair branch before Depths: true
     0 | D:1      | 0 ||| qw: Lair rune preference: random
     0 | D:1      | 0 ||| qw: Goals: Normal
     0 | D:1      | 0 ||| PLANNING D:1-11
   100 | D:1      | 100 ||| FLEEEEING.
   101 | D:1      | 101 ||| FLEEEEING.
   102 | D:1      | 102 ||| FLEEEEING.
   103 | D:1      | 103 ||| FLEEEEING.
   104 | D:1      | 104 ||| FLEEEEING.
   105 | D:1      | 105 ||| FLEEEEING.
   108 | D:1      | 108 ||| FLEEEEING.
   162 | D:1      | Reached skill level 3 in Ranged Weapons
   162 | D:1      | Reached XP level 2. HP: 23/23 MP: 2/2
   713 | D:1      | 713 ||| UPGRADING to ring of protection from fire.
   714 | D:1      | 714 ||| UPGRADING to ring of willpower.
   715 | D:1      | 715 ||| UPGRADING to ring of see invisible.
   717 | D:1      | 717 ||| UPGRADING to ring of protection from fire.
   719 | D:1      | 719 ||| READING scroll labelled SUZELEKAOSINN.
   820 | D:1      | 820 ||| READING scroll labelled ISACIOHING.
   821 | D:1      | 821 ||| DROPPING scroll of poison.
   894 | D:2      | Reached XP level 3. HP: 20/29 MP: 3/3
  1006 | D:2      | HP: 4/29 [gnoll/+0 halberd (8)]
  1008 | D:2      | Reached skill level 4 in Ranged Weapons
  1011 | D:2      | Reached XP level 4. HP: 7/36 MP: 4/4
  1394 | D:2      | Noticed Sigmund
  1397 | D:2      | 1397 ||| FLEEEEING.
  1398 | D:2      | 1398 ||| FLEEEEING.
  1399 | D:2      | 1399 ||| FLEEEEING.
  1400 | D:2      | 1400 ||| FLEEEEING.
  1404 | D:2      | 1404 ||| FLEEEEING.
  1416 | D:2      | Killed Sigmund
  1417 | D:2      | Reached skill level 6 in Ranged Weapons
  1417 | D:2      | Reached XP level 5. HP: 25/41 MP: 5/5
  1841 | D:2      | 1841 ||| UPGRADING to +0 pair of gloves.
  1846 | D:2      | 1846 ||| READING scroll labelled FUUSYT KACZO.
  1847 | D:2      | 1847 ||| READING scroll labelled ASUOR FUYTIAMM.
  1855 | D:3      | 1855 ||| STAIRDANCE
  1862 | D:2      | HP: 10/41 [frilled lizard (2)]
  1863 | D:2      | Reached skill level 3 in Fighting
  1863 | D:2      | Reached XP level 6. HP: 12/51 MP: 6/6
  2186 | D:3      | Noticed Ijyb
  2200 | D:3      | Killed Ijyb
  2204 | D:3      | HP: 5/52 [worm (11)]
  2206 | D:3      | Slain by a worm

Levels and vault maps discovered:
D:1:      matt_arrival_refuge, layout_loops_cross, minmay_misc_feat_room
D:2:      layout_basic, uniq_sigmund
D:3:      layout_loops_cross, uniq_ijyb, uniq_natasha

Skill      XL: |  1  2  3  4  5 |
---------------+----------------+-----
Ranged Weapons | 3 4 6 |  6.4
Fighting       | 2 3 |  3.7
Dodging        | |  2.1
Spellcasting   | |  1.0
Hexes          | |  2.0

Action                     |  1- 3 |  4- 6 || total
---------------------------+-------+-------++-------
   Fire: Sling             |    84 |    78 ||   162
    Use: Scroll            |     2 |     2 ||     4
 Armour: Robe              |     8 |     7 ||    15
  Dodge: Dodged            |    35 |    24 ||    59

Table legend:
 A = Non-vault XP
 B = Vault XP
 C = Vault XP percentage of total XP
 D = Non-vault monster count
 E = Vault monster count
 F = Vault count percentage of total count
                 A         B        C        D         E       F
            +---------+---------+-------+---------+---------+-------
      Total |     208 |     250 |  54.6 |      43 |       2 |   4.4
            +---------+---------+-------+---------+---------+-------
        D:1 |      33 |       0 |   0.0 |      21 |       0 |   0.0
        D:2 |     162 |     214 |  56.9 |      16 |       1 |   5.9
        D:3 |      13 |      36 |  73.5 |       6 |       1 |  14.3
            +---------+---------+-------+---------+---------+-------
